 Dungeon Crawl Stone Soup version 0.19-a0-713-g934ebc7 (webtiles) character file.

2705 Laan the Destroyer (level 9, -10/45 HPs)
             Began as a Deep Elf Fire Elementalist on June 20, 2016.
             Mangled by a swamp worm (18 damage)
             ... on level 8 of the Dungeon.
             The game lasted 00:18:36 (7546 turns).

Laan the Destroyer (Deep Elf Fire Elementalist)     Turns: 7546, Time: 00:18:36

Health: -10/45     AC:  3    Str:  5    XL:     9   Next: 39%
Magic:  6/24       EV: 13    Int: 24    God:
Gold:   416        SH:  0    Dex: 15    Spells: 4 memorised, 14 levels left

rFire  . . .     SeeInvis .     l - +2 halberd (venom)
rCold  . . .     Gourm    .     a - +0 robe
rNeg   . . .     Faith    .     (shield currently unavailable)
rPois  .         Spirit   .     (no helmet)
rElec  .         Dismiss  .     A - +0 cloak
rCorr  +         Reflect  .     (no gloves)
SustAt .         Harm     .     (no boots)
MR     +....                    (no amulet)
Stlth  ++........               p - ring of resist corrosion
                                j - ring of protection from magic

@: somewhat resistant to hostile enchantments, unstealthy
A: no striking features
a: no special abilities


You were on level 8 of the Dungeon.
You were not hungry.

You visited 2 branches of the dungeon, and saw 9 of its levels.
You also visited: Ossuary.

You collected 416 gold pieces.

Inventory:

Hand Weapons
 l - a +2 halberd of venom (weapon)
Armour
 a - a +0 robe (worn)
 A - a +0 cloak (worn)
Jewellery
 j - a ring of protection from magic (left hand)
 k - an uncursed ring of sustain attributes
 p - a ring of resist corrosion (right hand)
Wands
 f - a wand of lightning (8/15)
 B - a wand of lightning (8/15)
 C - a wand of flame (38/48)
 G - a wand of paralysis (16/24)
Scrolls
 d - 2 scrolls of enchant armour {unknown}
 e - 14 scrolls of identify {unknown}
 h - 4 scrolls of fog {unknown}
 m - 2 scrolls of random uselessness {unknown}
 n - 2 scrolls of immolation {unknown}
 o - 4 scrolls of remove curse
 r - 2 scrolls of enchant weapon {unknown}
 u - 4 scrolls of magic mapping {unknown}
 w - 6 scrolls of teleportation {unknown}
 x - 2 scrolls of fear {unknown}
 y - a scroll of recharging {unknown}
 z - 2 scrolls of blinking {unknown}
 I - a scroll of noise {unknown}
Potions
 g - a potion of haste {unknown}
 i - 9 potions of curing
 s - a potion of lignification {unknown}
 t - a potion of agility {unknown}
 v - a potion of resistance {unknown}
 D - a potion of magic {unknown}
 E - a potion of invisibility {unknown}
 F - a potion of might {unknown}
 H - a potion of berserk rage {unknown}
 K - a potion of brilliance {unknown}
Books
 b - a book of Flames

   Spells                             Type                      Level
   a - Flame Tongue                   Conjuration/Fire             1
   b - Throw Flame                    Conjuration/Fire             2
   c - Conjure Flame                  Conjuration/Fire             3
   d - Inner Flame                    Hexes/Fire                   3
   e - Sticky Flame                   Conjuration/Fire             4
   f - Fireball                       Conjuration/Fire             5
 J - a book of Unlife

   Spells                             Type                      Level
   a - Recall                         Summoning/Translocation      3
   b - Animate Dead                   Necromancy                   4
   c - Control Undead                 Necromancy                   4
   d - Cigotuvi's Embrace             Necromancy                   5
   e - Death Channel                  Necromancy                   6
   f - Simulacrum                     Ice/Necromancy               6
 L - a book of Cantrips

   Spells                             Type                      Level
   a - Corona                         Hexes                        1
   b - Animate Skeleton               Necromancy                   1
   c - Summon Small Mammal            Summoning                    1
   d - Apportation                    Translocation                1
Comestibles
 c - 5 bread rations
 q - 8 meat rations


   Skills:
 - Level 2.4 Dodging
 - Level 2.4 Stealth
 + Level 9.9 Spellcasting
 * Level 11.5 Conjurations
 - Level 3.2 Fire Magic


You had 14 spell levels left.
You knew the following spells:

 Your Spells              Type           Power        Failure   Level  Hunger
a - Flame Tongue          Conj/Fire      #####        1%          1    None
b - Conjure Flame         Conj/Fire      #####...     1%          3    None
c - Sticky Flame          Conj/Fire      #####...     2%          4    #......
d - Fireball              Conj/Fire      #####.....   10%         5    ####...


Dungeon Overview and Level Annotations

Branches:
Dungeon (8/15)             Temple (1/1) D:4
   Lair: D:8-11

Altars:
Ashenzari
Cheibriados
Dithmenos
Elyvilon
Fedhas
Hepliaklqana
Kikubaaqudgha
Makhleb
Okawaru
Pakellas
Qazlal
Ru
Sif Muna
Uskayaw
Xom
Yredelemnul
Zin
The Shining One


Message History

The swamp worm is severely wounded.
The swamp worm is covered in liquid flames!
The flames covering the swamp worm go out.
The swamp worm stops burning.
The swamp worm is engulfed in a cloud of scalding steam.
The swamp worm bites you! The swamp worm bites you!!
* * * LOW HITPOINT WARNING * * *
Things that are here:
a worm corpse x2
Casting: Sticky Flame
Confirm with . or Enter, or press ? or * to list all spells.
Aiming: Sticky Flame
Press: ? - help, Shift-Dir - straight line, f/p - swamp worm
Aim: a swamp worm (severely wounded)
The sticky flame hits the swamp worm.
The swamp worm is severely wounded.
The swamp worm is covered in liquid flames!
The swamp worm burns!
The swamp worm bites you!!
You die...

#### ##≈≈≈≈ ## ##≈≈≈≈≈≈ ≈≈##
##≈≈≈##### ≈≈≈# #.≈≈≈#≈≈≈≈
#≈≈## #.≈≈≈≈≈≈≈≈ #†≈..
#.††≈#≈≈≈≈ ##≈≈#
#####w≈≈≈#######≈≈≈#
#...@..≈≈≈≈≈≈≈≈≈≈≈###
#####.##...##≈≈≈≈≈≈≈#....
#####........#†###.#..######.
#####.....#####.##.......##
#. .........## #(####.#####
#. .........# #...##..#### ##
....†....## ###.###....#
######....# #..#####.#
####.## ##.## ###


You could see a swamp worm (burning).

Vanquished Creatures
  A two-headed ogre (D:8)
  Eustachio (D:4)
  A swamp worm (D:8)
  An orc warrior (D:7)
  An ice beast (D:4)
  A sky beast (D:8)
  2 phantoms
  3 ogres
  A big kobold (D:8)
  3 giant frogs
  2 scorpions
  2 water moccasin skeletons
  A crimson imp (D:8)
  2 howler monkeys
  A wasp zombie (D:6)
  An orc priest (D:3)
  A gnoll shaman (D:5)
  2 centaur skeletons
  Natasha (thrice) (D:2 D:3)
  4 orc wizards
  5 worker ants
  7 big kobold zombies (Ossuary)
  2 hound zombies (D:8)
  2 mummies
  8 gnolls
  7 adders
  A shadow imp (D:6)
  An ooze (D:7)
  2 adder skeletons
  13 worms
  2 dart slugs
  5 giant geckos
  18 orcs
  A spectral bat (Ossuary)
  A ball python (D:3)
  6 bats
  4 giant cockroaches
  5 gnoll zombies (Ossuary)
  3 goblins
  8 hobgoblins
  8 jackals
  A quokka (D:8)
  A bat simulacrum (Ossuary)
  7 giant newts
  4 goblin simulacra (Ossuary)
  5 goblin zombies (Ossuary)
  6 hobgoblin zombies (Ossuary)
  7 kobolds
  3 kobold simulacra (Ossuary)
  3 kobold zombies (Ossuary)
  4 orc zombies (Ossuary)
  A quokka skeleton (D:8)
  4 rats
  3 rat simulacra (Ossuary)
  2 spectral goblins (Ossuary)
  5 spectral kobolds (Ossuary)
  6 spectral rats (Ossuary)
205 creatures vanquished.

Vanquished Creatures (others)
  4 plants (D:8)
4 creatures vanquished.

Grand Total: 209 creatures vanquished

Notes
Turn   | Place    | Note
--------------------------------------------------------------
     0 | D:1      | Laan the Deep Elf Fire Elementalist began the quest for the Orb.
     0 | D:1      | Reached XP level 1. HP: 10/10 MP: 6/6
   166 | D:1      | Reached skill level 2 in Conjurations
   166 | D:1      | Reached XP level 2. HP: 15/15 MP: 2/8
   728 | D:2      | Reached XP level 3. HP: 18/19 MP: 5/10
   777 | D:2      | Found a shimmering altar of Xom.
   777 | D:2      | Found a burning altar of Makhleb.
   859 | D:2      | Reached skill level 3 in Conjurations
  1152 | D:2      | Noticed Natasha
  1159 | D:2      | Killed Natasha
  1159 | D:2      | Reached XP level 4. HP: 9/24 MP: 1/12
  1377 | D:2      | Reached skill level 4 in Conjurations
  1466 | D:2      | Noticed Natasha
  1473 | D:2      | Killed Natasha
  1650 | D:2      | Found a stormy altar of Qazlal.
  1654 | D:2      | Found a glowing silver altar of Zin.
  1655 | D:2      | Found a deep blue altar of Sif Muna.
  1656 | D:2      | Found a shadowy altar of Dithmenos.
  1659 | D:2      | Found an iron altar of Okawaru.
  1696 | D:2      | Reached XP level 5. HP: 28/28 MP: 10/13
  1897 | D:3      | Noticed Natasha
  1902 | D:3      | Killed Natasha
  2304 | D:3      | Reached skill level 5 in Conjurations
  2376 | D:3      | Learned a level 3 spell: Conjure Flame
  2381 | D:3      | Learned a level 4 spell: Sticky Flame
  2387 | D:3      | Learned a level 5 spell: Fireball
  2662 | D:3      | Reached skill level 5 in Spellcasting
  2757 | D:4      | Found a staircase to the Ecumenical Temple.
  2764 | D:4      | Reached XP level 6. HP: 32/32 MP: 6/16
  2771 | Temple   | Entered the Ecumenical Temple
  3034 | D:4      | Found a sacrificial altar of Ru.
  3036 | D:4      | Reached skill level 6 in Conjurations
  3051 | D:4      | Noticed an ice beast
  3059 | D:4      | Killed an ice beast
  3134 | D:4      | Noticed Eustachio
  3145 | D:4      | Killed Eustachio
  3145 | D:4      | Reached skill level 7 in Conjurations
  3145 | D:4      | Reached XP level 7. HP: 34/36 MP: 10/18
  3407 | D:5      | Entered Level 5 of the Dungeon
  4125 | D:5      | Reached skill level 8 in Conjurations
  4282 | D:5      | Reached XP level 8. HP: 30/41 MP: 8/21
  4682 | D:6      | Reached skill level 9 in Conjurations
  4700 | D:6      | Found a white marble altar of Elyvilon.
  5052 | D:6      | Found a hide-covered altar of Uskayaw.
  5555 | D:7      | Reached skill level 10 in Conjurations
  5820 | D:7      | Found a snail-covered altar of Cheibriados.
  6193 | D:8      | Found a sand-covered staircase.
  6204 | Ossuary  | Entered an ossuary
  6229 | Ossuary  | Reached XP level 9. HP: 44/45 MP: 22/24
  7241 | D:8      | Found a blossoming altar of Fedhas.
  7242 | D:8      | Found a snail-covered altar of Cheibriados.
  7287 | D:8      | Reached skill level 11 in Conjurations
  7546 | D:8      | Mangled by a swamp worm

Vault maps used:
D:1:      nicolae_arrival_memento_mori
D:2:      gammafunk_temple_overflow_wave, minitemple, uniq_natasha
D:3:      minmay_door_path, serial_aquarium, aquarium_bridge_straight,
          aquarium_window_1, aquarium_window_fake, aquarium_window_3,
          aquarium_view_2d, aquarium_pool_2
D:4:      nicolae_overflow_hidden_temple, nicolae_ru_great_annihilating_truth,
          minmay_temple_entry_crystal_x, uniq_eustachio
D:5:      first_bread, nrook_pool_corridor
D:6:      kennysheep_little_box, elyvilon_altar_5
D:7:      basic_altar
D:8:      gammafunk_temple_overflow_statue, gup_ossuary_entry_pyramid,
          grunt_pizzeria, nrook_mini_backslash, worms_lemuel
Temple:   hc_temple_tempest_star_small
Ossuary:  ossuary_zaba_two_paths

Skill      XL: |  1  2  3  4  5  6  7  8  9 |
---------------+----------------------------+-----
Conjurations   | 2 3 4 5 7 8 10 11 | 11.5
Spellcasting   | 4 5 6 7 9 |  9.9
Dodging        | |  2.4
Stealth        | |  2.4
Fire Magic     | |  3.2

Action                   |  1- 3 |  4- 6 |  7- 9 || total
-------------------------+-------+-------+-------++-------
Melee: Unarmed           |       |     1 |       ||     1
       Halberd           |       |     5 |    67 ||    72
 Cast: Flame Tongue      |    54 |    82 |   274 ||   410
       Sticky Flame      |       |     3 |    22 ||    25
       Conjure Flame     |       |       |     3 ||     3
  Use: Scroll            |       |       |     1 ||     1
       Potion            |       |       |     1 ||     1
 Stab: Sleeping          |       |     1 |     6 ||     7
  Eat: Chunk             |     1 |     6 |     6 ||    13
       Fruit             |       |       |     4 ||     4
       Pizza             |       |       |     1 ||     1
       Beef jerky        |       |       |     1 ||     1
       Bread ration      |       |       |     1 ||     1
Armor: Robe              |     1 |     2 |    18 ||    21
Dodge: Dodged            |    14 |    20 |    78 ||   112
